| TOP OF THE 1ST |
|
Chicago Cubs batting - Pitching for Philadelphia Phillies : RHP Bill Singer
|
|
Pitching: RHP Bill Singer
|
|
|
Batting: RHB Gary Ward
|
0-0: Called Strike 0-1: Swinging Strike 0-2: Strikes out swinging
|
|
Batting: RHB Lonnie Smith
|
0-0: Ball 1-0: Foul Ball, location: 2F 1-1: Ball 2-1: Ball 3-1: Called Strike 3-2: Foul Ball, location: 2F 3-2: Foul Ball, location: 2F 3-2: Foul Ball, location: 2F 3-2: Strikes out looking
|
|
Batting: RHB Jim Rice
|
0-0: Called Strike 0-1: SINGLE (Groundball, 6S, EV 69.4 MPH) (infield hit)
|
|
Batting: SHB Roy Smalley
|
0-0: Ball 1-0: Ball 2-0: Called Strike 2-1: Ball 3-1: Foul Ball, location: 2F 3-2: Strikes out swinging
|
| Top of the 1st over - 0 runs, 1 hit, 0 errors, 1 left on base; Chicago 0 - Philadelphia 0 |
| BOTTOM OF THE 1ST |
|
Philadelphia Phillies batting - Pitching for Chicago Cubs : RHP Bill Greif
|
|
Pitching: RHP Bill Greif
|
|
|
Batting: RHB Paul Molitor
|
0-0: Ball 1-0: Ball 2-0: Called Strike 2-1: Called Strike 2-2: SINGLE (Line Drive, 89M, EV 103.1 MPH)
|
|
Batting: RHB Andy Ramirez
|
0-0: Called Strike Paul Molitor steals 2nd base 0-1: Foul Ball, location: 2F 0-2: Fly out, F8 (Line Drive, 8RM, EV 88.1 MPH)
|
|
Batting: LHB Tony Gwynn
|
0-0: Called Strike 0-1: Fly out, F9 (Flyball, 89S, EV 89.4 MPH)
|
|
Batting: RHB Candy Maldonado
|
0-0: Called Strike 0-1: Ball 1-1: Ball 2-1: Foul Ball, location: 2F 2-2: Strikes out swinging
|
| Bottom of the 1st over - 0 runs, 1 hit, 0 errors, 1 left on base; Chicago 0 - Philadelphia 0 |
| TOP OF THE 2ND |
|
Chicago Cubs batting - Pitching for Philadelphia Phillies : RHP Bill Singer
|
|
Batting: RHB Marty Castillo
|
0-0: Ball 1-0: Ball 2-0: Ground out 6-3 (Groundball, 6, EV 101.9 MPH)
|
|
Batting: LHB Gerald Perry
|
0-0: Called Strike 0-1: Foul Ball, location: 2F 0-2: Ball 1-2: SINGLE (Groundball, 3D, EV 98.1 MPH)
|
|
Batting: RHB Randy Ready
|
0-0: Ball 1-0: Fielders Choice at 2nd, 6-4 (Groundball, 6M, EV 99.4 MPH)
|
|
Batting: RHB Bob Brenly
|
0-0: Ball 1-0: Called Strike 1-1: Ball 2-1: Called Strike 2-2: Ball 3-2: Strikes out swinging
|
| Top of the 2nd over - 0 runs, 1 hit, 0 errors, 1 left on base; Chicago 0 - Philadelphia 0 |
| BOTTOM OF THE 2ND |
|
Philadelphia Phillies batting - Pitching for Chicago Cubs : RHP Bill Greif
|
|
Batting: LHB Ken Phelps
|
0-0: Ball 1-0: Foul Ball, location: 2F 1-1: Ball 2-1: Fly out, F8 (Flyball, 78D, EV 82.5 MPH)
|
|
Batting: RHB Andre Dawson
|
0-0: Foul Ball, location: 2F 0-1: Fly out, F9 (Flyball, 89S, EV 83.1 MPH)
|
|
Batting: LHB Lou Whitaker
|
0-0: Ball 1-0: TRIPLE (Line Drive, 89XD, EV 99.4 MPH)
|
|
Batting: RHB Tony Pena
|
0-0: Ball 1-0: Ground out 6-3 (Groundball, 6MS, EV 85.0 MPH)
|
| Bottom of the 2nd over - 0 runs, 1 hit, 0 errors, 1 left on base; Chicago 0 - Philadelphia 0 |
| TOP OF THE 3RD |
|
Chicago Cubs batting - Pitching for Philadelphia Phillies : RHP Bill Singer
|
|
Batting: RHB Bill Greif
|
0-0: Called Strike 0-1: Ground out U3 (Groundball, 3, EV 105.6 MPH)
|
|
Batting: RHB Gary Ward
|
0-0: Called Strike 0-1: Foul Ball, location: 2F 0-2: Strikes out swinging
|
|
Batting: RHB Lonnie Smith
|
0-0: Foul Ball, location: 2F 0-1: Swinging Strike 0-2: Strikes out swinging
|
| Top of the 3rd over - 0 runs, 0 hits, 0 errors, 0 left on base; Chicago 0 - Philadelphia 0 |
| BOTTOM OF THE 3RD |
|
Philadelphia Phillies batting - Pitching for Chicago Cubs : RHP Bill Greif
|
|
Batting: RHB Bill Singer
|
0-0: Ground out 4-3 (Groundball, 4S, EV 66.3 MPH)
|
|
Batting: RHB Paul Molitor
|
0-0: Called Strike 0-1: SINGLE (Line Drive, 56D, EV 96.9 MPH)
|
|
Batting: RHB Andy Ramirez
|
0-0: Ball 1-0: Ball Paul Molitor steals 2nd base 2-0: Ball 3-0: Called Strike 3-1: Foul Ball, location: 2F 3-2: SINGLE (Groundball, 56D, EV 102.5 MPH) Paul Molitor to third Runner from 3rd tries for Home, SAFE, throw by LF to home Andy Ramirez to second
|
|
Batting: LHB Tony Gwynn
|
0-0: Ball 1-0: Foul Ball, location: 2F 1-1: Ball 2-1: Ground out 1-3 (Groundball, 13S, EV 75.0 MPH) Andy Ramirez to third
|
|
Batting: RHB Candy Maldonado
|
0-0: Ball 1-0: Fly out, F8 (Flyball, 8RM, EV 90.0 MPH)
|
| Bottom of the 3rd over - 1 run, 2 hits, 0 errors, 1 left on base; Chicago 0 - Philadelphia 1 |
| TOP OF THE 4TH |
|
Chicago Cubs batting - Pitching for Philadelphia Phillies : RHP Bill Singer
|
|
Batting: RHB Jim Rice
|
0-0: Ball 1-0: Ground out 5-3 (Groundball, 5, EV 103.8 MPH)
|
|
Batting: SHB Roy Smalley
|
0-0: Ground out 6-3 (Groundball, 6, EV 101.9 MPH)
|
|
Batting: RHB Marty Castillo
|
0-0: Ball 1-0: Fly out, F9 (Flyball, 9S, EV 93.8 MPH)
|
| Top of the 4th over - 0 runs, 0 hits, 0 errors, 0 left on base; Chicago 0 - Philadelphia 1 |
| BOTTOM OF THE 4TH |
|
Philadelphia Phillies batting - Pitching for Chicago Cubs : RHP Bill Greif
|
|
Batting: LHB Ken Phelps
|
0-0: Called Strike 0-1: Foul Ball, location: 2F 0-2: Foul Ball, location: 2F 0-2: Ground out U3 (Groundball, 3, EV 82.5 MPH)
|
|
Batting: RHB Andre Dawson
|
0-0: Ground out 5-3 (Groundball, 56S, EV 75.0 MPH)
|
|
Batting: LHB Lou Whitaker
|
0-0: Ball 1-0: Called Strike 1-1: Ball 2-1: Foul Ball, location: 2F 2-2: Ball 3-2: Base on Balls
|
|
Batting: RHB Tony Pena
|
0-0: Ball Lou Whitaker is caught stealing 2nd base 2-4
|
| Bottom of the 4th over - 0 runs, 0 hits, 0 errors, 0 left on base; Chicago 0 - Philadelphia 1 |
| TOP OF THE 5TH |
|
Chicago Cubs batting - Pitching for Philadelphia Phillies : RHP Bill Singer
|
|
Batting: LHB Gerald Perry
|
0-0: Ball 1-0: Ball 2-0: Ball 3-0: Called Strike 3-1: Foul Ball, location: 2F 3-2: SINGLE (Groundball, 25, EV 65.0 MPH) (infield hit)
|
|
Batting: RHB Randy Ready
|
0-0: Ball 1-0: Foul Ball, location: 2F 1-1: Called Strike 1-2: Foul Ball, location: 2F 1-2: Hit by Pitch Gerald Perry to second
|
|
Batting: RHB Bob Brenly
|
0-0: Ball Wild Pitch! Gerald Perry to third Randy Ready to second 1-0: Intentional Walk
|
|
Batting: RHB Bill Greif
|
0-0: Called Strike 0-1: Foul Ball, location: 2F 0-2: Foul Ball, location: 2F 0-2: Strikes out swinging
|
|
Batting: RHB Gary Ward
|
0-0: Fly out, F9 (Flyball, 9, EV 88.8 MPH) Runner from 3rd tags up, SCORES, throw by RF Randy Ready to third
|
|
Batting: RHB Lonnie Smith
|
0-0: Called Strike 0-1: Ball 1-1: Foul Ball, location: 2F 1-2: Foul Ball, location: 2F 1-2: Foul Ball, location: 2F 1-2: DOUBLE (Line Drive, 78D, EV 106.3 MPH) Randy Ready scores Bob Brenly to third Runner from 3rd tries for Home, SAFE, no throw by LF
|
|
Batting: RHB Jim Rice
|
0-0: Called Strike 0-1: Foul Ball, location: 2F 0-2: Strikes out swinging
|
| Top of the 5th over - 3 runs, 2 hits, 0 errors, 1 left on base; Chicago 3 - Philadelphia 1 |
| BOTTOM OF THE 5TH |
|
Philadelphia Phillies batting - Pitching for Chicago Cubs : RHP Bill Greif
|
|
Batting: RHB Tony Pena
|
0-0: Ball 1-0: Called Strike 1-1: Ground out 4-3 (Groundball, 4, EV 103.1 MPH)
|
|
Batting: RHB Bill Singer
|
0-0: Called Strike 0-1: Ball 1-1: Called Strike 1-2: Ball 2-2: Strikes out looking
|
|
Batting: RHB Paul Molitor
|
0-0: Ball 1-0: Ball 2-0: Foul Ball, location: 2F 2-1: Ball 3-1: Foul Ball, location: 2F 3-2: Foul Ball, location: 2F 3-2: SINGLE (Line Drive, 78S, EV 103.1 MPH)
|
|
Batting: RHB Andy Ramirez
|
0-0: Ball 1-0: Foul Ball, location: 2F 1-1: Ball 2-1: Called Strike 2-2: Ball 3-2: Fly out, F8 (Line Drive, 8RM, EV 96.3 MPH)
|
| Bottom of the 5th over - 0 runs, 1 hit, 0 errors, 1 left on base; Chicago 3 - Philadelphia 1 |
| TOP OF THE 6TH |
|
Chicago Cubs batting - Pitching for Philadelphia Phillies : RHP Bill Singer
|
|
Batting: SHB Roy Smalley
|
0-0: Called Strike 0-1: Ball 1-1: Ball 2-1: Swinging Strike 2-2: Foul Ball, location: 2F 2-2: Fly out, F6 (Line Drive, 6, EV 70.0 MPH)
|
|
Batting: RHB Marty Castillo
|
0-0: Ball 1-0: Foul Ball, location: 2F 1-1: Called Strike 1-2: Ball 2-2: Ball 3-2: Base on Balls
|
|
Batting: LHB Gerald Perry
|
0-0: Called Strike 0-1: Ball 1-1: Foul Ball, location: 2F 1-2: DOUBLE (Groundball, 3L, EV 98.1 MPH) Marty Castillo to third Runner from 3rd tries for Home, SAFE, throw by RF to trailing runner, SAFE at third!
|
|
Batting: RHB Randy Ready
|
0-0: Ground out 1-3 (Groundball, 34S, EV 76.3 MPH)
|
|
Batting: RHB Bob Brenly
|
0-0: Intentional Walk
|
|
Batting: RHB Bill Greif
|
0-0: Ball 1-0: Called Strike 1-1: Swinging Strike 1-2: Strikes out looking
|
| Top of the 6th over - 1 run, 1 hit, 0 errors, 2 left on base; Chicago 4 - Philadelphia 1 |
| BOTTOM OF THE 6TH |
|
Philadelphia Phillies batting - Pitching for Chicago Cubs : RHP Bill Greif
|
|
Batting: LHB Tony Gwynn
|
0-0: Ball 1-0: Fly out, F8 (Line Drive, 8RM, EV 91.3 MPH)
|
|
Batting: RHB Candy Maldonado
|
0-0: SINGLE (Flyball, 8RS, EV 86.9 MPH)
|
|
Batting: LHB Ken Phelps
|
0-0: Ball 1-0: Called Strike 1-1: Ball 2-1: Swinging Strike 2-2: Foul Ball, location: 2F 2-2: Grounds into double play, 4-6-3 (Groundball, 34, EV 89.4 MPH)
|
| Bottom of the 6th over - 0 runs, 1 hit, 0 errors, 0 left on base; Chicago 4 - Philadelphia 1 |
| TOP OF THE 7TH |
|
Chicago Cubs batting - Pitching for Philadelphia Phillies : RHP Bill Singer
|
|
Batting: RHB Gary Ward
|
0-0: Ball 1-0: Foul Ball, location: 2F 1-1: Swinging Strike 1-2: Fly out, F4 (Popup, 4, EV 51.3 MPH)
|
|
Batting: RHB Lonnie Smith
|
0-0: Ball 1-0: Called Strike 1-1: Ball 2-1: Called Strike 2-2: Ball 3-2: Ground out 6-3 (Groundball, 6, EV 99.4 MPH)
|
|
Batting: RHB Jim Rice
|
0-0: Foul Ball, location: 2F 0-1: Called Strike 0-2: Ground out 6-3 (Groundball, 56, EV 90.0 MPH)
|
| Top of the 7th over - 0 runs, 0 hits, 0 errors, 0 left on base; Chicago 4 - Philadelphia 1 |
| BOTTOM OF THE 7TH |
|
Philadelphia Phillies batting - Pitching for Chicago Cubs : RHP Bill Greif
|
|
Batting: RHB Andre Dawson
|
0-0: Ball 1-0: Ball 2-0: Ground out 5-3 (Groundball, 56, EV 86.3 MPH)
|
|
Batting: LHB Lou Whitaker
|
0-0: Ball 1-0: Called Strike 1-1: Fly out, F7 (Flyball, 7S, EV 83.8 MPH)
|
|
Batting: RHB Tony Pena
|
0-0: Ball 1-0: SINGLE (Line Drive, 9LS, EV 93.8 MPH)
|
|
Pinch Hitting: LHB Andy Guerrero
|
0-0: Ball Wild Pitch! Tony Pena to second 1-0: Ball 2-0: Ball 3-0: Ground out 6-3 (Groundball, 6M, EV 99.4 MPH)
|
| Bottom of the 7th over - 0 runs, 1 hit, 0 errors, 1 left on base; Chicago 4 - Philadelphia 1 |
| TOP OF THE 8TH |
|
Chicago Cubs batting - Pitching for Philadelphia Phillies : RHP Bill Singer
|
|
Pitching: LHP Lawrence Burgess
|
|
|
Batting: SHB Roy Smalley
|
0-0: Ball 1-0: Called Strike 1-1: Foul Ball, location: 2F 1-2: Ball 2-2: Foul Ball, location: 2F 2-2: Ball 3-2: Base on Balls
|
|
Batting: RHB Marty Castillo
|
0-0: Ball 1-0: Ball 2-0: Foul Ball, location: 2F 2-1: 2-RUN HOME RUN (Flyball, 7D, EV 100.6 MPH), Distance : 373 ft
|
|
Batting: LHB Gerald Perry
|
0-0: Called Strike 0-1: Ball 1-1: Swinging Strike 1-2: Ball 2-2: Ball 3-2: Foul Ball, location: 2F 3-2: Foul Ball, location: 2F 3-2: Fly out, F8 (Flyball, 8RD, EV 102.5 MPH)
|
|
Batting: RHB Randy Ready
|
0-0: Called Strike 0-1: Ball 1-1: Foul Ball, location: 2F 1-2: Ball 2-2: Foul Ball, location: 2F 2-2: Foul Ball, location: 2F 2-2: Foul Ball, location: 2F 2-2: SINGLE (Line Drive, 7S, EV 102.5 MPH)
|
|
Pitching: RHP John Montague
|
|
|
Batting: RHB Bob Brenly
|
0-0: Ball 1-0: Foul Ball, location: 2F 1-1: Called Strike 1-2: Ball Wild Pitch! Randy Ready to second 2-2: Strikes out looking
|
|
Batting: RHB Bill Greif
|
0-0: Ball 1-0: Called Strike 1-1: Foul Ball, location: 2F 1-2: Foul Ball, location: 2F 1-2: Strikes out swinging
|
| Top of the 8th over - 2 runs, 2 hits, 0 errors, 1 left on base; Chicago 6 - Philadelphia 1 |
| BOTTOM OF THE 8TH |
|
Philadelphia Phillies batting - Pitching for Chicago Cubs : RHP Bill Greif
|
|
Batting: RHB Paul Molitor
|
0-0: Called Strike 0-1: Foul Ball, location: 2F 0-2: Strikes out swinging
|
|
Batting: RHB Andy Ramirez
|
0-0: Ball 1-0: Ball 2-0: Reached via error on a dropped throw from P, E3 (Groundball, 13S, EV 71.3 MPH)
|
|
Batting: LHB Tony Gwynn
|
0-0: Ball 1-0: Ball 2-0: Ball Balk! Andy Ramirez to second 3-0: Called Strike 3-1: Called Strike 3-2: Fly out, F7 (Flyball, 7, EV 85.0 MPH)
|
|
Batting: RHB Candy Maldonado
|
0-0: Ball 1-0: Ball 2-0: Ball 3-0: Base on Balls
|
|
Batting: LHB Ken Phelps
|
0-0: Ground out 4-3 (Groundball, 4, EV 80.6 MPH)
|
| Bottom of the 8th over - 0 runs, 0 hits, 1 error, 2 left on base; Chicago 6 - Philadelphia 1 |
| TOP OF THE 9TH |
|
Chicago Cubs batting - Pitching for Philadelphia Phillies : RHP John Montague
|
|
Batting: RHB Gary Ward
|
0-0: Foul Ball, location: 2F 0-1: Ball 1-1: Ball 2-1: Foul Ball, location: 2F 2-2: Fly out, F3 (Flyball, 3D, EV 88.1 MPH)
|
|
Batting: RHB Lonnie Smith
|
0-0: Swinging Strike 0-1: Swinging Strike 0-2: Ball 1-2: Strikes out swinging
|
|
Batting: RHB Jim Rice
|
0-0: Ball 1-0: Called Strike 1-1: Fly out, F7 (Line Drive, 7, EV 99.4 MPH)
|
| Top of the 9th over - 0 runs, 0 hits, 0 errors, 0 left on base; Chicago 6 - Philadelphia 1 |
| BOTTOM OF THE 9TH |
|
Philadelphia Phillies batting - Pitching for Chicago Cubs : RHP Bill Greif
|
|
Batting: RHB Andre Dawson
|
0-0: Ball 1-0: Ball 2-0: Fly out, F8 (Line Drive, 8RD, EV 90.6 MPH)
|
|
Batting: LHB Lou Whitaker
|
0-0: Ball 1-0: Ball 2-0: SINGLE (Line Drive, 78S, EV 105.6 MPH)
|
|
Batting: RHB Tony Pena
|
0-0: Foul Ball, location: 2F 0-1: Fly out, F8 (Flyball, 8RD, EV 89.4 MPH)
|
|
Pinch Hitting: LHB Cecil Cooper
|
0-0: Ball 1-0: Ground out 4-3 (Groundball, 4, EV 94.4 MPH)
|
| Bottom of the 9th over - 0 runs, 1 hit, 0 errors, 1 left on base; Chicago 6 - Philadelphia 1 |
|